[Event "Istanbul Open 2019"]
[Site "Istanbul"]
[Date "2019.08.27"]
[Round "2.17"]
[White "Suer, Halil Cenk"]
[Black "Hakkaki Fard, Pedram"]
[Result "0-1"]
[ECO "D12"]
[WhiteElo "1531"]
[BlackElo "1720"]
[Annotator "NA"]
[PlyCount "74"]
[EventDate "2019.08.26"]
[EventType "swiss"]
[EventCountry "TUR"]
[SourceTitle "playchess.com"]
[Source "ChessBase"]
[SourceQuality "1"]
[TimeControl "5400+30"]

1. Nf3 Nf6 2. c4 c6 3. d4 d5 4. e3 Bf5 5. cxd5 cxd5 6. Nc3 e6 7. Bb5+ Nbd7 8. O-O a6 9. Bd3 Bg6 10. Qe2 Ne4 11. Nd2 Bd6 12. Ncxe4 dxe4 13. Bxe4 Bxh2+ 14. Kxh2 Qh4+ 15. Kg1 Bxe4 16. Nxe4 Qxe4 17. f3 Qg6 18. b3 O-O 19. Ba3 Rac8 20. Rac1 Rfe8 21. Qd2 Nf6 22. Rc4 h5 23. Rfc1 Rcd8 24. e4 Rd7 25. Rc8 Rxc8 26. Rxc8+ Kh7 27. Qb4 Qg3 28. Bc1 h4 29. Be3 Nxe4 30. fxe4 Qxe3+ 31. Kh1 Rxd4 32. Qc3 Rd1+ 33. Kh2 Qf4+ 34. g3 hxg3+ 35. Kg2 Rd2+ 36. Qxd2 Qxd2+ 37. Kxg3 Qe3+ 0-1

[Event "Istanbul Open 2019"]
[Site "Istanbul"]
[Date "2019.08.27"]
[Round "2.18"]
[White "Pektas, Gokdeniz"]
[Black "Bapoglu, Ibrahim"]
[Result "1-0"]
[ECO "D36"]
[WhiteElo "1652"]
[BlackElo "1501"]
[Annotator "NA"]
[PlyCount "99"]
[EventDate "2019.08.26"]
[EventType "swiss"]
[EventCountry "TUR"]
[SourceTitle "playchess.com"]
[Source "ChessBase"]
[SourceQuality "1"]
[TimeControl "5400+30"]

1. d4 Nf6 2. c4 e6 3. Nc3 d5 4. cxd5 exd5 5. Bg5 Be7 6. Qc2 c6 7. e3 h6 8. Bf4 Nbd7 9. h3 Nf8 10. Bd3 Ne6 11. Be5 Nd7 12. Bh2 Nf6 13. Nf3 Bd6 14. O-O-O Bxh2 15. Rxh2 b5 16. e4 dxe4 17. Bxe4 Bb7 18. Nxb5 Nxe4 19. Qxe4 O-O 20. Nc3 Rb8 21. Rhh1 Ng5 22. Nxg5 Qxg5+ 23. f4 Qa5 24. Qe5 Qb6 25. Qc5 Qc7 26. Rhf1 Ba6 27. Rf2 Bc8 28. Nd5 Qb7 29. Ne7+ Kh8 30. Ng6+ fxg6 31. Qxf8+ Kh7 32. Qa3 Be6 33. Re1 Qf7 34. Qd6 Re8 35. Rfe2 Bxa2 36. Rxe8 Qc4+ 37. Kd2 Qb5 38. Qa3 Qd5 39. R8e4 Bb1 40. Qe3 Qa5+ 41. Qc3 Qd5 42. R4e2 Bf5 43. g4 Bc8 44. Rg1 Ba6 45. Re5 Qd7 46. f5 g5 47. Rge1 Qd6 48. Qc5 Qb8 49. Qc2 c5 50. f6+ 1-0

[Event "Istanbul Open 2019"]
[Site "Istanbul"]
[Date "2019.08.27"]
[Round "2.19"]
[White "Mirza, Efe"]
[Black "Can, Ilhan"]
[Result "0-1"]
[ECO "B32"]
[WhiteElo "1447"]
[BlackElo "1683"]
[Annotator "NA"]
[PlyCount "102"]
[EventDate "2019.08.26"]
[EventType "swiss"]
[EventCountry "TUR"]
[SourceTitle "playchess.com"]
[Source "ChessBase"]
[SourceQuality "1"]
[TimeControl "5400+30"]

1. e4 c5 2. Nf3 e6 3. d4 cxd4 4. Nxd4 Qb6 5. Nb3 Nc6 6. c3 Nf6 7. Be3 Qc7 8. Bd3 Be7 9. O-O Ne5 10. Bf4 h6 11. Bg3 g5 12. f4 gxf4 13. Bxf4 Qb6+ 14. Kh1 Ng6 15. Bg3 h5 16. N1d2 h4 17. Nc4 Qd8 18. Bd6 b5 19. Bxe7 Qxe7 20. e5 bxc4 21. exf6 Qd6 22. Bxc4 Qxd1 23. Raxd1 h3 24. g3 Bb7+ 25. Kg1 O-O-O 26. Nc5 Bg2 27. Rfe1 Rh5 28. Ba6+ Kc7 29. b4 Rf5 30. Bf1 Bf3 31. Bxh3 Rxc5 32. bxc5 Bxd1 33. Rxd1 Kc6 34. Rd6+ Kxc5 35. Ra6 Kc4 36. Rxa7 Kxc3 37. Rb7 Ne5 38. Bg2 d5 39. h4 d4 40. Rb5 Ng4 41. Rb3+ Kc2 42. Bf3 Nxf6 43. Kf1 d3 44. Rb6 d2 45. Rc6+ Kb2 46. Bd1 Ne4 47. Rc2+ Ka3 48. g4 Kb4 49. Kg2 Nc3 50. Kf2 Nxd1+ 51. Ke2 Nc3+ 0-1

[Event "Istanbul Open 2019"]
[Site "Istanbul"]
[Date "2019.08.27"]
[Round "3.3"]
[White "Makaraci, Tunahan"]
[Black "Ozsakallioglu, Okan"]
[Result "1-0"]
[ECO "B51"]
[WhiteElo "2064"]
[BlackElo "2324"]
[Annotator "NA"]
[PlyCount "81"]
[EventDate "2019.08.26"]
[EventType "swiss"]
[EventCountry "TUR"]
[SourceTitle "playchess.com"]
[Source "ChessBase"]
[SourceQuality "1"]
[TimeControl "5400+30"]

1. e4 c5 2. Nf3 d6 3. Bb5+ Nd7 4. d4 cxd4 5. Qxd4 a6 6. Bxd7+ Bxd7 7. O-O e5 8. Qd3 h6 9. a4 Nf6 10. c4 b5 11. b3 Be7 12. Nc3 b4 13. Nd5 Nxd5 14. cxd5 f5 15. exf5 O-O 16. g4 g6 17. Bxh6 gxf5 18. Bxf8 Qxf8 19. gxf5 Bxf5 20. Qe3 Bg4 21. Nd2 Qf5 22. f3 Bh3 23. Kh1 Bxf1 24. Rxf1 Rc8 25. Ne4 Qh3 26. Qe2 a5 27. Nf2 Qf5 28. Ng4 Bg5 29. Qg2 Kf8 30. Nf2 Rc2 31. Qg3 Bf4 32. Qh4 Bg5 33. Qh8+ Ke7 34. Qh5 Rxf2 35. Rxf2 Qb1+ 36. Kg2 Be3 37. Qh4+ Kf7 38. Qe4 Qc1 39. Qf5+ Kg7 40. Rc2 Qg1+ 41. Kh3 1-0

[Event "Istanbul Open 2019"]
[Site "Istanbul"]
[Date "2019.08.27"]
[Round "3.5"]
[White "Citak, Selim"]
[Black "Abishli, Oghuz"]
[Result "0-1"]
[ECO "A90"]
[WhiteElo "2263"]
[BlackElo "2038"]
[Annotator "NA"]
[PlyCount "64"]
[EventDate "2019.08.26"]
[EventType "swiss"]
[EventCountry "TUR"]
[SourceTitle "playchess.com"]
[Source "ChessBase"]
[SourceQuality "1"]
[TimeControl "5400+30"]

1. d4 e6 2. c4 f5 3. g3 Nf6 4. Bg2 d5 5. Nf3 c6 6. O-O Bd6 7. b3 Qe7 8. a4 a5 9. Ba3 Bb4 10. Bxb4 axb4 11. Qc2 O-O 12. Nbd2 Ne4 13. Ne5 Nd7 14. Nd3 b6 15. cxd5 cxd5 16. Nxe4 fxe4 17. Nf4 Nf6 18. Qc6 Bd7 19. Qxb6 Rfb8 20. Qc7 Rc8 21. Qe5 Ng4 22. Qh5 Nf6 23. Qh4 Rc3 24. Rfb1 Qd6 25. Nh5 e5 26. dxe5 Qxe5 27. Nxf6+ gxf6 28. Ra2 Rac8 29. Qh6 d4 30. Qf4 Qxf4 31. Raa1 Qe5 32. Ra2 Be6 0-1

[Event "Istanbul Open 2019"]
[Site "Istanbul"]
[Date "2019.08.27"]
[Round "3.6"]
[White "Aliakbarov, Anar"]
[Black "Demirbas, Emre"]
[Result "1/2-1/2"]
[ECO "D30"]
[WhiteElo "2265"]
[BlackElo "1879"]
[Annotator "NA"]
[PlyCount "48"]
[EventDate "2019.08.26"]
[EventType "swiss"]
[EventCountry "TUR"]
[SourceTitle "playchess.com"]
[Source "ChessBase"]
[SourceQuality "1"]
[TimeControl "5400+30"]

1. d4 d5 2. c4 c6 3. Nf3 Nf6 4. e3 e6 5. Nbd2 Nbd7 6. b3 Bd6 7. Bb2 Qe7 8. Ne5 Ba3 9. Bc3 Bb4 10. Bxb4 Qxb4 11. Nd3 Qd6 12. c5 Qc7 13. f4 b6 14. b4 a5 15. a3 Ba6 16. Be2 Ne4 17. Nxe4 dxe4 18. Nf2 Bxe2 19. Kxe2 f5 20. Qb3 Ke7 21. Rhc1 b5 22. g4 Nf6 23. Rg1 g6 24. h4 Nd5 1/2-1/2

[Event "Istanbul Open 2019"]
[Site "Istanbul"]
[Date "2019.08.27"]
[Round "3.7"]
[White "Eren, Ataberk"]
[Black "Aganazarov, Yagmyr"]
[Result "1-0"]
[ECO "B12"]
[WhiteElo "2254"]
[BlackElo "1976"]
[Annotator "ChessBase"]
[PlyCount "112"]
[EventDate "2019.08.26"]
[EventType "swiss"]
[EventCountry "TUR"]
[SourceTitle "playchess.com"]
[Source "ChessBase"]
[SourceQuality "1"]
[TimeControl "5400+30"]

1. e4 c6 2. d4 d5 3. e5 Bf5 4. Nf3 e6 5. Be2 Nd7 6. O-O Ne7 7. Nbd2 Nc8 8. Nb3 Be7 9. a4 O-O 10. a5 c5 11. dxc5 Bxc5 12. Nxc5 Nxc5 13. Be3 Nd7 14. c4 Be4 15. cxd5 Bxd5 16. Qb1 h6 17. Ra4 Ne7 18. Re1 Ng6 19. Bd4 Nf4 20. Bd1 Qe7 21. Bc3 Ng6 22. Rg4 Rfc8 23. h4 h5 24. Rg3 Nxh4 25. Nxh4 Qxh4 26. Ree3 Nc5 27. Rh3 Qg5 28. Reg3 Be4 29. Rxg5 Bxb1 30. Rgxh5 Kf8 31. Bb4 b6 32. Ba3 Bf5 33. axb6 axb6 34. Rh8+ Ke7 35. Rxc8 Rxc8 36. Rb3 Kd8 37. Rxb6 Nd7 38. Rd6 Rc1 39. Kh2 Kc7 40. Rd2 Nb6 41. b3 Ra1 42. Bd6+ Kc6 43. Bh5 Rb1 44. Bxf7 Rxb3 45. Bf8 Nc4 46. Be8+ Kb6 47. Rd8 Kc7 48. Rd7+ Kc8 49. Bxg7 Rb2 50. Rd4 Nd2 51. Bh5 Ne4 52. f3 Nd2 53. Bh6 Nf1+ 54. Kg1 Ng3 55. Rc4+ Kd7 56. Bg4 Re2 1-0

[Event "Istanbul Open 2019"]
[Site "Istanbul"]
[Date "2019.08.27"]
[Round "3.8"]
[White "Yasin, Hur"]
[Black "Yaran, Siar"]
[Result "0-1"]
[ECO "C44"]
[WhiteElo "1906"]
[BlackElo "2209"]
[Annotator "NA"]
[PlyCount "85"]
[EventDate "2019.08.26"]
[EventType "swiss"]
[EventCountry "TUR"]
[SourceTitle "playchess.com"]
[Source "ChessBase"]
[SourceQuality "1"]
[TimeControl "5400+30"]

1. e4 e5 2. Nf3 Nc6 3. d4 exd4 4. Bc4 Bc5 5. Ng5 Nh6 6. Nxf7 Nxf7 7. Bxf7+ Kxf7 8. Qh5+ Kf8 9. Qxc5+ d6 10. Qc4 Qe7 11. Qe2 Kf7 12. O-O Rf8 13. Nd2 Kg8 14. f4 d5 15. e5 Bf5 16. Nb3 Qb4 17. Rd1 Rae8 18. Qf2 Be4 19. Qe2 Re6 20. g3 Qb6 21. Qf2 Nxe5 22. Nxd4 Ng4 23. Qe2 Nxh2 24. Be3 Nf3+ 25. Nxf3 Bxf3 26. Qxf3 Rxe3 27. Qxd5+ Kh8 28. Qd4 Rxg3+ 29. Kh2 Qg6 30. Rg1 Rg4 31. Rxg4 Qxg4 32. Rf1 h6 33. Rf2 Qh4+ 34. Kg2 Qg4+ 35. Kh2 Rf5 36. Qd8+ Kh7 37. Qd3 Qg6 38. Qg3 Qh5+ 39. Kg2 Rf6 40. Qd3+ Rg6+ 41. Kf1 Qh1+ 42. Ke2 h5 43. Qf5 0-1

[Event "Istanbul Open 2019"]
[Site "Istanbul"]
[Date "2019.08.27"]
[Round "3.10"]
[White "Onem, Uzay Altay"]
[Black "Nuri, Murad"]
[Result "0-1"]
[ECO "D32"]
[WhiteElo "1997"]
[BlackElo "2291"]
[Annotator "ChessBase"]
[PlyCount "108"]
[EventDate "2019.08.26"]
[EventType "swiss"]
[EventCountry "TUR"]
[SourceTitle "playchess.com"]
[Source "ChessBase"]
[SourceQuality "1"]
[TimeControl "5400+30"]

1. d4 Nf6 2. Nf3 e6 3. c4 c5 4. Nc3 cxd4 5. Nxd4 Nc6 6. e3 d5 7. cxd5 exd5 8. Bb5 Bd7 9. O-O Bd6 10. b3 O-O 11. Bb2 Rc8 12. h3 Qe7 13. Bxc6 bxc6 14. Qd3 Bb8 15. Rad1 Rfe8 16. Nc2 a5 17. Ba3 Qe5 18. f4 Qh5 19. Rf3 Bf5 20. Qe2 Ne4 21. Nxe4 Bxe4 22. Rf2 Qxe2 23. Rxe2 c5 24. Bb2 f6 25. Ne1 h5 26. Bc3 Bc7 27. Kf2 Bb6 28. Nf3 Kf7 29. h4 Rcd8 30. Red2 Ke6 31. Kf1 Kf5 32. Rf2 Re7 33. a3 Kg6 34. Re2 Rc8 35. Kf2 Kf5 36. Rc1 d4 37. Bxd4 Bd3 38. Ree1 cxd4 39. Rxc8 dxe3+ 40. Kg3 e2 41. Rc3 Ke4 42. Ng1 Bxg1 43. Rxg1 Ke3 44. Rcc1 Re4 45. b4 axb4 46. axb4 Rxf4 47. b5 Rg4+ 48. Kh3 Bxb5 49. g3 Bd3 50. Kg2 Be4+ 51. Kh2 Kf2 52. Ra1 Bf3 53. Rac1 Rd4 54. Rce1 Rd1 0-1

[Event "Istanbul Open 2019"]
[Site "Istanbul"]
[Date "2019.08.27"]
[Round "3.12"]
[White "Sar, Can"]
[Black "Mohannad, Farhan"]
[Result "1/2-1/2"]
[ECO "B01"]
[WhiteElo "2003"]
[BlackElo "2151"]
[Annotator "NA"]
[PlyCount "100"]
[EventDate "2019.08.26"]
[EventType "swiss"]
[EventCountry "TUR"]
[SourceTitle "playchess.com"]
[Source "ChessBase"]
[SourceQuality "1"]
[TimeControl "5400+30"]

1. e4 d5 2. exd5 Qxd5 3. Nc3 Qd6 4. d4 Nf6 5. Nf3 c6 6. Bc4 Be6 7. Be2 g6 8. Bg5 Bg7 9. Qd2 Qb4 10. O-O O-O 11. a3 Qb6 12. Na4 Qd8 13. Nc5 Bc8 14. Bh6 Nbd7 15. Bxg7 Kxg7 16. Nd3 Qc7 17. Nde5 c5 18. Nxd7 Bxd7 19. c3 Rfd8 20. Qg5 cxd4 21. Nxd4 a6 22. Rad1 e5 23. Nf3 Re8 24. Rfe1 h6 25. Qh4 Bc6 26. Qb4 Nd5 27. Qc4 Nf4 28. Bf1 f6 29. g3 b5 30. Qc5 Ne6 31. Qe3 Rad8 32. h4 h5 33. Bh3 Rxd1 34. Rxd1 Rd8 35. Rxd8 Nxd8 36. Nd2 Qb7 37. f3 Bd5 38. Kf2 Nf7 39. Bf1 f5 40. c4 Bc6 41. b4 Qe7 42. f4 e4 43. cxb5 Bxb5 44. Qd4+ Kh7 45. Bxb5 axb5 46. Nf1 Qe6 47. Kg1 Qa6 48. Qc3 Qd6 49. Ne3 Kg8 50. Qc8+ Kh7 1/2-1/2

[Event "Istanbul Open 2019"]
[Site "Istanbul"]
[Date "2019.08.27"]
[Round "3.13"]
[White "Ozbay, Ece"]
[Black "Yarar, Muammer Atakan"]
[Result "0-1"]
[ECO "B11"]
[WhiteElo "2125"]
[BlackElo "1779"]
[Annotator "NA"]
[PlyCount "70"]
[EventDate "2019.08.26"]
[EventType "swiss"]
[EventCountry "TUR"]
[SourceTitle "playchess.com"]
[Source "ChessBase"]
[SourceQuality "1"]
[TimeControl "5400+30"]

1. e4 c6 2. Nc3 d5 3. Nf3 Bg4 4. h3 Bxf3 5. Qxf3 e6 6. e5 Ne7 7. d4 Qb6 8. Qd3 Nf5 9. Ne2 c5 10. c3 Nc6 11. g4 Nh4 12. Bg5 Be7 13. Bxh4 Bxh4 14. Rb1 cxd4 15. cxd4 Nb4 16. Qd2 Rc8 17. Nc3 Qxd4 18. Qxd4 Nc2+ 19. Kd2 Nxd4 20. f4 g5 21. Nb5 Nxb5 22. Bxb5+ Ke7 23. Ke3 gxf4+ 24. Kxf4 Rc2 25. Bd3 Rf2+ 26. Ke3 Rg2 27. Rhf1 h6 28. Be2 Rc8 29. Bd3 Rh2 30. Rh1 Rxh1 31. Rxh1 Bg3 32. h4 Bxe5 33. b3 Bf6 34. Ke2 e5 35. Bb1 e4 0-1

[Event "Istanbul Open 2019"]
[Site "Istanbul"]
[Date "2019.08.27"]
[Round "3.15"]
[White "Elmas, Mustafa"]
[Black "Menekse, Tuncay"]
[Result "0-1"]
[ECO "B07"]
[WhiteElo "1638"]
[BlackElo "1684"]
[Annotator "NA"]
[PlyCount "108"]
[EventDate "2019.08.26"]
[EventType "swiss"]
[EventCountry "TUR"]
[SourceTitle "playchess.com"]
[Source "ChessBase"]
[SourceQuality "1"]
[TimeControl "5400+30"]

1. e4 d6 2. d4 Nf6 3. Nc3 c6 4. Nf3 Bg4 5. h3 Bxf3 6. Qxf3 Nbd7 7. Be3 e5 8. g4 Qe7 9. g5 Ng8 10. d5 c5 11. O-O-O a6 12. h4 h5 13. Bh3 b5 14. Qe2 g6 15. Rhg1 Bg7 16. Rg3 Rb8 17. Bd2 Qd8 18. Nb1 Ne7 19. Ra3 Ra8 20. Rg1 O-O 21. Rgg3 Nc8 22. Rgb3 Ncb6 23. Ba5 Qe7 24. Bxd7 Nxd7 25. Nd2 Rfc8 26. Rf3 Rf8 27. c4 Rfb8 28. Rab3 b4 29. a3 bxa3 30. bxa3 f6 31. Bc7 Rxb3 32. Rxb3 Ra7 33. Bb6 Nxb6 34. Rxb6 fxg5 35. hxg5 Kh7 36. Qe3 Qd8 37. Rb3 Rf7 38. f3 Rf4 39. Qg1 Rf7 40. Kd1 Bf8 41. Ke2 Be7 42. Rb7 Kg7 43. Qb1 Qc8 44. Qb6 Qh3 45. Qa7 Qg2+ 46. Kd3 Qxg5 47. Qa8 Qf6 48. Qxa6 h4 49. Qb5 h3 50. Qb1 Qh4 51. Qh1 Qg3 52. Ke2 Bh4 53. Rxf7+ Kxf7 54. a4 Qg2+ 0-1

[Event "Istanbul Open 2019"]
[Site "Istanbul"]
[Date "2019.08.27"]
[Round "3.16"]
[White "Amanmuradow, Atajan"]
[Black "Satici, Aydin"]
[Result "1/2-1/2"]
[ECO "A48"]
[WhiteElo "1794"]
[BlackElo "1598"]
[Annotator "NA"]
[PlyCount "122"]
[EventDate "2019.08.26"]
[EventType "swiss"]
[EventCountry "TUR"]
[SourceTitle "playchess.com"]
[Source "ChessBase"]
[SourceQuality "1"]
[TimeControl "5400+30"]

1. Nf3 g6 2. d4 Nf6 3. Bf4 d6 4. c3 Bg7 5. Nbd2 O-O 6. e4 Nc6 7. Be2 Nd7 8. Bg5 h6 9. Bh4 Qe8 10. O-O e5 11. dxe5 Ndxe5 12. Nxe5 dxe5 13. Qc2 Be6 14. Nc4 a6 15. Rad1 g5 16. Bg3 Rd8 17. Ne3 f6 18. Nf5 Qf7 19. b3 Rfe8 20. f3 Bf8 21. Bf2 Kh7 22. Rfe1 Be7 23. Bf1 Rxd1 24. Rxd1 Rd8 25. Rxd8 Bxd8 26. Ne3 Kg7 27. Nf5+ Kh7 28. Bc5 Ne7 29. Qd2 Qe8 30. Ne3 Qd7 31. Qxd7 Bxd7 32. Bc4 Kg7 33. Kf2 b5 34. Bd3 c6 35. c4 Be6 36. Ke2 Ng6 37. g3 Be7 38. Nf5+ Bxf5 39. Bxe7 Nxe7 40. exf5 b4 41. Be4 Kf7 42. Kd3 c5 43. g4 Ke8 44. Bb7 a5 45. Ke4 Kd7 46. Ba6 Kd6 47. Bb7 Kc7 48. Bd5 Kd6 49. Bb7 Kc7 50. Bd5 Nc8 51. Bf7 Nb6 52. Be8 Kd6 53. Bb5 Na8 54. Ba6 Nc7 55. Bb7 Kd7 56. Bd5 Ne8 57. Be6+ Kc6 58. Bd5+ Kd6 59. Be6 Nc7 60. Bf7 Ke7 61. Bd5 Kd6 1/2-1/2

[Event "Istanbul Open 2019"]
[Site "Istanbul"]
[Date "2019.08.27"]
[Round "3.17"]
[White "Hakkakifard Fard, Pedram"]
[Black "Uyanik, Toygun"]
[Result "1-0"]
[ECO "D02"]
[WhiteElo "1720"]
[BlackElo "1566"]
[Annotator "NA"]
[PlyCount "76"]
[EventDate "2019.08.26"]
[EventType "swiss"]
[EventCountry "TUR"]
[SourceTitle "playchess.com"]
[Source "ChessBase"]
[SourceQuality "1"]
[TimeControl "5400+30"]

1. d4 Nf6 2. Bf4 e6 3. e3 c5 4. c3 Nc6 5. Nd2 d5 6. Bd3 Bd6 7. Bg3 O-O 8. Ngf3 Re8 9. Ne5 Re7 10. h4 Ne8 11. Ndf3 f6 12. Bxh7+ Kxh7 13. Ng5+ Kg8 14. Ng6 e5 15. Qh5 fxg5 16. hxg5 Bf5 17. Nxe7+ Nxe7 18. dxe5 Bc7 19. O-O-O Bg6 20. Qf3 Nf5 21. Bf4 Ne7 22. Rh2 Kf7 23. c4 Qc8 24. e6+ Kxe6 25. cxd5+ Kd7 26. d6 Bxd6 27. e4 Kd8 28. Bxd6 Nxd6 29. Rh8+ Kc7 30. Rxc8+ Rxc8 31. Qf4 Rd8 32. e5 Ndf5 33. Rxd8 Kxd8 34. e6 Nc6 35. g4 Nfe7 36. Qf8+ Kc7 37. Qxg7 Kd6 38. f4 Be4 1-0

[Event "Istanbul Open 2019"]
[Site "Istanbul"]
[Date "2019.08.27"]
[Round "3.18"]
[White "Nabitaeme, Marjaneh"]
[Black "Pektas, Gokdeniz"]
[Result "0-1"]
[ECO "A52"]
[WhiteElo "1708"]
[BlackElo "1652"]
[Annotator "NA"]
[PlyCount "52"]
[EventDate "2019.08.26"]
[EventType "swiss"]
[EventCountry "TUR"]
[SourceTitle "playchess.com"]
[Source "ChessBase"]
[SourceQuality "1"]
[TimeControl "5400+30"]

1. d4 Nf6 2. c4 e5 3. dxe5 Ng4 4. Nf3 Bc5 5. e3 Nc6 6. Be2 O-O 7. O-O Re8 8. a3 a5 9. Nc3 Ngxe5 10. b3 Nxf3+ 11. Bxf3 Ne5 12. Bb2 Ra6 13. Ne4 Ba7 14. Bd4 Bxd4 15. exd4 Nxf3+ 16. Qxf3 Qh4 17. Rfe1 Rae6 18. g3 Qe7 19. Red1 Rxe4 20. Qf5 b6 21. c5 bxc5 22. dxc5 Bb7 23. Kf1 Bc6 24. h4 Re5 25. Qf4 Qe6 26. g4 Qxb3 0-1

[Event "Istanbul Open 2019"]
[Site "Istanbul"]
[Date "2019.08.27"]
[Round "3.19"]
[White "Can, Ilhan"]
[Black "Acikgoz, Akin"]
[Result "1-0"]
[ECO "B50"]
[WhiteElo "1683"]
[BlackElo "1656"]
[Annotator "NA"]
[PlyCount "73"]
[EventDate "2019.08.26"]
[EventType "swiss"]
[EventCountry "TUR"]
[SourceTitle "playchess.com"]
[Source "ChessBase"]
[SourceQuality "1"]
[TimeControl "5400+30"]

1. e4 c5 2. Nf3 d6 3. c3 Nf6 4. Be2 Bd7 5. d3 Qc7 6. h3 Bc6 7. b3 Nbd7 8. Nbd2 e6 9. O-O Be7 10. Re1 d5 11. Bf1 dxe4 12. dxe4 Ne5 13. Qc2 Rd8 14. a4 O-O 15. Nh2 Ng6 16. Nc4 e5 17. g3 Rd7 18. Bg2 Rfd8 19. h4 b6 20. Qe2 h5 21. Bg5 b5 22. axb5 Bxb5 23. Bxf6 Bxf6 24. Nf1 Bxc4 25. bxc4 Rd3 26. Ne3 Rd2 27. Qxh5 Rb8 28. Rab1 Rbb2 29. Rxb2 Rxb2 30. Nd5 Qd8 31. Ra1 a5 32. Qg4 Nf8 33. Rxa5 Nd7 34. Ra7 Nb6 35. Rb7 Nxc4 36. Rd7 Qa5 37. Nxf6+ 1-0

[Event "Istanbul Open 2019"]
[Site "Istanbul"]
[Date "2019.08.28"]
[Round "4.1"]
[White "Yaran, Siar"]
[Black "Shanava, Konstantine"]
[Result "1-0"]
[ECO "A27"]
[WhiteElo "2209"]
[BlackElo "2496"]
[Annotator "RC"]
[PlyCount "83"]
[EventDate "2019.08.26"]
[EventType "swiss"]
[EventCountry "TUR"]
[SourceTitle "playchess.com"]
[Source "ChessBase"]
[SourceQuality "1"]
[TimeControl "5400+30"]

1. c4 e5 2. Nc3 Nc6 3. Nf3 g6 4. d4 exd4 5. Nxd4 Bg7 6. Nxc6 bxc6 7. g3 Ne7 8. Bg2 O-O 9. O-O Rb8 10. Qa4 d6 11. c5 d5 12. Rd1 Bd7 13. e4 h6 14. Be3 Rxb2 15. Bd4 Bxd4 16. Qxd4 Rb8 17. exd5 cxd5 18. Bxd5 Nc6 19. Qe3 Qg5 20. Qxg5 hxg5 21. Ne4 Kg7 22. Nxg5 Rbd8 23. Nxf7 Rde8 24. Ng5 Nb4 25. Bb3 Bf5 26. Rd4 a5 27. Rad1 Kh6 28. h4 Nc6 29. Rf4 Ne5 30. Rd5 Kg7 31. Rfd4 Re7 32. Rd8 Ree8 33. R8d5 Re7 34. Ba4 Ng4 35. Bd7 Re1+ 36. Kg2 Re2 37. Bxf5 Rxf2+ 38. Kg1 R8xf5 39. Rxf5 gxf5 40. Rxg4 Rxa2 41. Rd4 Kg6 42. Ne6 1-0

[Event "Istanbul Open 2019"]
[Site "Istanbul"]
[Date "2019.08.28"]
[Round "4.3"]
[White "Abishli, Oghuz"]
[Black "Eren, Ataberk"]
[Result "0-1"]
[ECO "A11"]
[WhiteElo "2038"]
[BlackElo "2254"]
[Annotator "ChessBase"]
[PlyCount "118"]
[EventDate "2019.08.26"]
[EventType "swiss"]
[EventCountry "TUR"]
[SourceTitle "playchess.com"]
[Source "ChessBase"]
[SourceQuality "1"]
[TimeControl "5400+30"]

1. Nf3 d5 2. c4 c6 3. e3 Nf6 4. Nc3 Bf5 5. Qb3 Qb6 6. cxd5 Qxb3 7. axb3 Nxd5 8. Nxd5 cxd5 9. Nd4 Bd7 10. Nb5 Bxb5 11. Bxb5+ Nc6 12. d4 e6 13. Bd2 Kd7 14. Ke2 Bd6 15. h4 h5 16. f3 a6 17. Bd3 e5 18. dxe5 Bxe5 19. Bc3 d4 20. exd4 Bxd4 21. Be4 Bxc3 22. bxc3 Rhe8 23. Rhd1+ Kc7 24. Kf2 Rad8 25. Bd5 Ne5 26. Rd4 Rd7 27. Ra5 g6 28. g4 hxg4 29. fxg4 Red8 30. Bf3 Rxd4 31. cxd4 Nxf3 32. Kxf3 Rxd4 33. h5 Rd3+ 34. Kg2 gxh5 35. gxh5 Rxb3 36. h6 Rb6 37. Rh5 Rg6+ 38. Kf3 Rg8 39. h7 Rh8 40. Rh6 Kd7 41. Kf4 Ke7 42. Kg5 a5 43. Rb6 Rxh7 44. Rxb7+ Kd6 45. Rb5 f6+ 46. Kxf6 Ra7 47. Kf5 Kc6 48. Rb1 Kd5 49. Rd1+ Kc4 50. Rc1+ Kd4 51. Rd1+ Kc3 52. Rc1+ Kb2 53. Rc8 Rb7 54. Ra8 Rb5+ 55. Ke4 Rb4+ 56. Kd3 a4 57. Rh8 a3 58. Rh2+ Kb3 59. Kd2 a2 0-1

[Event "Istanbul Open 2019"]
[Site "Istanbul"]
[Date "2019.08.28"]
[Round "4.6"]
[White "Nuri, Murad"]
[Black "Konuk, Ali"]
[Result "1-0"]
[ECO "B12"]
[WhiteElo "2291"]
[BlackElo "1791"]
[Annotator "NA"]
[PlyCount "75"]
[EventDate "2019.08.26"]
[EventType "swiss"]
[EventCountry "TUR"]
[SourceTitle "playchess.com"]
[Source "ChessBase"]
[SourceQuality "1"]
[TimeControl "5400+30"]

1. e4 c6 2. d4 d5 3. e5 Bf5 4. Nf3 e6 5. Be2 Nd7 6. O-O h6 7. b3 Ne7 8. c4 g5 9. Nc3 Nb6 10. Be3 Bg6 11. c5 Nd7 12. b4 Nf5 13. b5 f6 14. bxc6 bxc6 15. Qa4 Qc7 16. exf6 Kf7 17. Bd2 Kxf6 18. g4 Ne7 19. Ne5 Nxe5 20. dxe5+ Kg7 21. Qd4 Kg8 22. Rae1 Bg7 23. f4 Rf8 24. fxg5 Bxe5 25. Rxf8+ Kxf8 26. Qf2+ Ke8 27. gxh6 d4 28. Nb5 cxb5 29. Bxb5+ Kd8 30. Bf4 Bxf4 31. Qxd4+ Nd5 32. Qxh8+ Ke7 33. Qg7+ Bf7 34. Be8 Qxc5+ 35. Kh1 Kxe8 36. h7 Ne7 37. h8=Q+ Ng8 38. Qhxg8+ 1-0

[Event "Istanbul Open 2019"]
[Site "Istanbul"]
[Date "2019.08.28"]
[Round "4.7"]
[White "Demirbas, Emre"]
[Black "Darban, Morteza"]
[Result "0-1"]
[ECO "B06"]
[WhiteElo "1879"]
[BlackElo "2280"]
[Annotator "ChessBase"]
[PlyCount "90"]
[EventDate "2019.08.26"]
[EventType "swiss"]
[EventCountry "TUR"]
[SourceTitle "playchess.com"]
[Source "ChessBase"]
[SourceQuality "1"]
[TimeControl "5400+30"]

1. e4 g6 2. d4 Bg7 3. Nc3 d6 4. f4 a6 5. Nf3 b5 6. Bd3 Bb7 7. O-O Nd7 8. e5 Nh6 9. Qe2 O-O 10. Be3 c5 11. dxc5 Ng4 12. Rad1 dxe5 13. Nxe5 Ndxe5 14. fxe5 Qc8 15. Be4 Bxe4 16. Nxe4 Nxe3 17. Qxe3 Qe6 18. Nc3 Qxe5 19. Qxe5 Bxe5 20. Nd5 Bxb2 21. Nxe7+ Kg7 22. Rd7 Ba3 23. c6 Rae8 24. Re1 Bxe7 25. Rexe7 Rxe7 26. Rxe7 Rc8 27. c7 Kf6 28. Rd7 Ke6 29. Rd3 Rxc7 30. c3 Rd7 31. Re3+ Kd5 32. Kf2 Rd6 33. Rf3 f5 34. Ke2 Kc4 35. h4 Re6+ 36. Kd2 Re4 37. g3 Kd5 38. Rd3+ Ke6 39. Rd8 Ra4 40. Kd3 Rxa2 41. Re8+ Kf6 42. Kd4 Ra4+ 43. Kd5 Re4 44. Ra8 Ra4 45. Re8 Rc4 0-1

[Event "Istanbul Open 2019"]
[Site "Istanbul"]
[Date "2019.08.28"]
[Round "4.8"]
[White "Yarar, Muammer Atakan"]
[Black "Aliakbarov, Anar"]
[Result "1-0"]
[ECO "E97"]
[WhiteElo "1779"]
[BlackElo "2265"]
[Annotator "ChessBase"]
[PlyCount "69"]
[EventDate "2019.08.26"]
[EventType "swiss"]
[EventCountry "TUR"]
[SourceTitle "playchess.com"]
[Source "ChessBase"]
[SourceQuality "1"]
[TimeControl "5400+30"]

1. d4 Nf6 2. c4 g6 3. Nc3 Bg7 4. e4 d6 5. Be2 O-O 6. Nf3 e5 7. Be3 Nc6 8. O-O Ng4 9. Bg5 f6 10. Bh4 g5 11. Bg3 Nh6 12. dxe5 fxe5 13. Nd5 g4 14. Bh4 gxf3 15. Bxd8 fxe2 16. Qxe2 Rxd8 17. Nxc7 Nd4 18. Qd3 Rb8 19. a4 Nf7 20. b4 Be6 21. Nxe6 Nxe6 22. g3 Nd4 23. f4 exf4 24. gxf4 Kh8 25. Kh1 Rg8 26. Rg1 Bf6 27. Rxg8+ Rxg8 28. Rg1 Rxg1+ 29. Kxg1 Nd8 30. e5 dxe5 31. fxe5 Bxe5 32. Qe4 Bf6 33. a5 N4c6 34. Qe8+ Kg7 35. Qd7+ 1-0